 Dungeon Crawl Stone Soup version 0.31.0-7-gf635a9b802 (webtiles) character file.

Game seed: 13050528685939684715

927 EnlightenedBush the Covered (level 7, -17/61 HPs)
             Began as a Minotaur Fighter on Jan 23, 2024.
             Killed from afar by Dowan (28 damage)
             ... with a shard of ice
             ... on level 7 of the Dungeon.
             The game lasted 00:19:13 (4764 turns).

EnlightenedBush the Covered (Minotaur Fighter)      Turns: 4764, Time: 00:19:14

Health: -17/61     AC:  7    Str: 22      XL:     7   Next: 85%
Magic:  6/6        EV: 10    Int:  3 (5)  God:
Gold:   208        SH:  5    Dex: 10      Spells: 6/6 levels left

rFire   . . .        k - +3 short sword
rCold   . . .        c - +0 buckler
rNeg    . . .        b - +0 scale mail
rPois   .            (helmet restricted)
rElec   .            (no cloak)
rCorr   .            (no gloves)
SInv    .            (no boots)
Will    .....        (no amulet) Stlth
                     (no ring)
HPRegen 0.30/turn    (no ring)
MPRegen 0.10/turn

%: no passive effects
@: no status effects
A: horns 2, retaliatory headbutt
a: no special abilities


You were on level 7 of the Dungeon.
You visited 1 branch of the dungeon, and saw 5 of its levels.

You collected 208 gold pieces.

Inventory:

Hand Weapons
 d - a +2 rapier of distortion
 k - a +3 short sword (weapon)
Missiles
 u - a throwing net (quivered)
Armour
 b - a +0 scale mail (worn)
 c - a +0 buckler (worn)
 m - a scarf of shadows
Jewellery
 q - a ring of willpower
Scrolls
 a - 2 scrolls of revelation {unknown}
 e - 2 scrolls of enchant armour {unknown}
 g - a scroll of blinking {unknown}
 h - 8 scrolls of identify {unknown}
 l - 2 scrolls of amnesia {unknown}
 n - 2 scrolls of teleportation {unknown}
 o - a scroll of immolation {unknown}
 p - a scroll of torment {unknown}
 t - a scroll of noise {unknown}
Potions
 f - a potion of attraction {unknown}
 i - 4 potions of curing {unknown}
 j - a potion of degeneration
 r - a potion of enlightenment {unknown}
 s - a potion of heal wounds {unknown}
 v - a potion of brilliance {unknown}
 w - 2 potions of lignification {unknown}
 x - a potion of haste {unknown}


   Skills:
 + Level 5.3 Fighting
 + Level 5.4 Short Blades
 + Level 2.7 Polearms
 + Level 6.3 Armour
 + Level 2.6 Dodging
 + Level 1.1 Stealth
 + Level 5.6 Shields


You had 6 spell levels left.
You didn't know any spells.
Your spell library contained the following spells:

 Spells                   Type           Power      Damage    Failure   Level
 Cigotuvi's Dreadful Rot  Necr/Alch/Air  0%         N/A       95%         2
 Mercury Vapours          Alch/Air       0%         N/A       95%         2
 Sublimation of Blood     Necr           0%         N/A       95%         2
 Call Canine Familiar     Summ           0%         N/A       99%         3
 Mephitic Cloud           Conj/Alch/Air  0%         N/A       99%         3
 Sigil of Binding         Hex            0%         N/A       99%         3
 Dimensional Bullseye     Hex/Tloc       0%         N/A       100%        4
 Dispel Undead            Necr           0%         3d6       100%        4
 Martyr's Knell           Necr/Summ      0%         N/A       100%        4
 Petrify                  Alch/Erth      0%         N/A       100%        4
 Freezing Cloud           Conj/Ice/Air   0%         6-21      100%        5
 Irradiate                Conj/Alch      0%         3d11      100%        5
 Death Channel            Necr           0%         N/A       100%        6


Dungeon Overview and Level Annotations

Branches:
Dungeon (4/15)
 Temple: D:4-7

Altars:
Vehumet

Shops:
D:1 =   D:3 (

Annotations:
D:7 Dowan


Innate Abilities, Weirdness & Mutations

You have a pair of horns on your head.
You reflexively headbutt those who attack you in melee.


Message History

You hit Dowan.
Dowan is moderately wounded.
Dowan hits you with a +0 dagger.
You hit Dowan.
Dowan is heavily wounded.
Dowan gestures wildly while chanting.
Dowan blinks!
Dowan casts a spell at you. The shard of ice hits you!!
You hit Dowan. Your headbutt misses Dowan.
Dowan is severely wounded.
Dowan hits you with a +0 dagger.
You hit Dowan but do no damage.
Dowan is severely wounded.
Dowan hits you but does no damage.
You hit Dowan.
Dowan is almost dead.
Dowan gestures at you while chanting. You block the stone arrow.
Dowan points at you and mumbles some strange words.
The stone arrow hits you!
* * * LOW HITPOINT WARNING * * *
You closely miss Dowan. You headbutt Dowan, but do no damage.
Dowan is almost dead.
Dowan hits you with a +0 dagger.
* * * LOW HITPOINT WARNING * * *
You barely miss Dowan.
Dowan is almost dead.
Dowan hits you with a +0 dagger.
* * * LOW HITPOINT WARNING * * *
You barely miss Dowan. You headbutt Dowan.
Dowan is almost dead.
You block Dowan's attack.
You closely miss Dowan.
Dowan is almost dead.
Dowan mumbles some strange words.
Dowan blinks!
Dowan casts a spell at you. The shard of ice hits you!!
You die...

#......# #.#..#
#......# #.#..#
#......# #.#...
#......#####......
#.............#
#......#...###
#.#####..#'#####
#. #..#......# #.
#..##.@....# ..
.... #ยง.e...# #
###.. #.....?# #..
#......# ...
#......# >##.
##'##### #.. ...


You could see Dowan (fast).

Vanquished Creatures
  Duvessa (D:7)
  A sky beast (D:7)
  A black bear (D:3)
  An orc warrior (D:7)
  4 wights (D:7)
  An orc priest (D:7)
  2 bombardier beetles (D:4)
  A sleepcap (D:4)
  2 orc wizards (D:4)
  Robin (D:3)
  6 adders
  2 ribbon worms
  2 dart slugs (D:3)
  14 orcs
  5 bats
  7 endoplasms
  3 giant cockroaches
  10 goblins
  12 hobgoblins
  3 jackals (D:1)
  5 quokkas
  9 ball pythons
  4 frilled lizards
  8 kobolds
  16 rats
121 creatures vanquished.

Notes
Turn   | Place    | Note
-------+----------+-------------------------------------------
     0 | D:1      | EnlightenedBush the Minotaur Fighter began the quest for
                  | the Orb.
     0 | D:1      | Reached XP level 1. HP: 19/19 MP: 0/0
   208 | D:1      | Reached XP level 2. HP: 27/27 MP: 1/1
   391 | D:1      | Found Ufufop's Jewellery Boutique.
   517 | D:1      | Reached skill level 4 in Armour
  1174 | D:2      | Reached XP level 3. HP: 30/33 MP: 2/2
  1187 | D:2      | Found a radiant altar of Vehumet.
  1575 | D:2      | Reached XP level 4. HP: 38/40 MP: 3/3
  1628 | D:2      | Reached skill level 1 in Short Blades
  2447 | D:3      | Noticed Robin
  2457 | D:3      | Killed Robin
  2627 | D:3      | Noticed a black bear
  2634 | D:3      | Killed a black bear
  2635 | D:3      | Reached skill level 1 in Dodging
  2635 | D:3      | Reached XP level 5. HP: 46/47 MP: 4/4
  2905 | D:3      | Found Nugepek's Weapon Shop.
  3054 | D:3      | Reached skill level 5 in Shields
  3292 | D:4      | Reached XP level 6. HP: 52/53 MP: 5/5
  3556 | D:4      | Reached skill level 5 in Armour
  3983 | D:4      | You fall into a shaft and drop 3 floors!
  4084 | D:7      | Noticed Duvessa
  4084 | D:7      | Noticed Dowan
  4141 | D:7      | Killed Duvessa
  4142 | D:7      | Reached XP level 7. HP: 16/60 MP: 6/6
  4360 | D:7      | Reached skill level 5 in Fighting
  4360 | D:7      | Reached skill level 1 in Stealth
  4484 | D:7      | Reached skill level 5 in Short Blades
  4484 | D:7      | Reached skill level 6 in Armour
  4764 | D:7      | Killed from afar by Dowan

Illustrated notes

Levels and vault maps discovered:
D:1:      eino_arrival_cavern_d, layout_loops_corners, serial_shops, shop
D:2:      layout_loops_ring, basic_altar, grunt_ministairs_12, hex_tiny,
          minmay_rat_gold_closets
D:3:      layout_basic, serial_shops, nicolae_shop_window_shopping,
          minmay_crystal_room, uniq_robin
D:4:      layout_loops_ring, mainiacjoe_overflow_swirl, portal_sewer_entry_f
D:7:      cheibrodos_fzero, layout_basic, uniq_crazy_yiuf_cottage, uniq_duvessa

Skill      XL: |  1  2  3  4  5  6  7 |
---------------+----------------------+-----
Shields        | 4 5 |  5.6
Fighting       | 4 5 |  5.3
Armour         | 4 5 6 |  6.3
Short Blades   | 3 4 5 |  5.4
Dodging        | 1 2 |  2.6
Stealth        | 1 |  1.1
Polearms       | |  2.7

Action                     |  1- 3 |  4- 6 |  7- 9 || total
---------------------------+-------+-------+-------++-------
  Melee: Trident           |    41 |       |       ||    41
         Headbutt          |    16 |    24 |    17 ||    57
         Short sword       |    70 |   178 |    61 ||   309
    Use: Potion            |       |     1 |     1 ||     2
 Armour: Scale mail        |    70 |    92 |    30 ||   192
  Dodge: Dodged            |    69 |    74 |    21 ||   164
  Block: Buckler           |    33 |    32 |    17 ||    82
